 Dungeon Crawl Stone Soup version 0.27.1-3-gb3d3a73c9e (webtiles) character file.

Game seed: 1718926031066469125

54 styxcanada the Sneak (level 3, -1/18 HPs)
             Began as a Spriggan Brigand on Oct 17, 2021.
             Killed from afar by Sigmund (7 damage)
             ... with a puff of flame
             ... on level 2 of the Dungeon.
             The game lasted 00:04:43 (2641 turns).

styxcanada the Sneak (Spriggan Brigand)             Turns: 2641, Time: 00:04:43

Health: -1/18      AC:  3    Str:  7    XL:     3   Next: 66%
Magic:  4/4        EV: 17    Int: 12    God:
Gold:   34         SH:  0    Dex: 17    Spells: 2/2 levels left

rFire    . . .     SeeInvis +   a - +2 dagger
rCold    . . .     Faith    .   (shield restricted)
rNeg     . . .     Spirit   .   b - +0 robe
rPois    .         Reflect  .   (helmet restricted)
rElec    .         Harm     .   c - +0 cloak
rCorr    .         Rampage  .   (gloves unavailable)
Will     .....                  (boots unavailable)
Stlth    ++++......             (no amulet)
HPRegen  0.06/turn              (no ring)
MPRegen  0.09/turn              (no ring)

@: very quick
A: very small, no large weapons, unfitting armour, see invisible, speed 3
a: no special abilities


You were on level 2 of the Dungeon.
You visited 1 branch of the dungeon, and saw 2 of its levels.

You collected 34 gold pieces.

Inventory:

Hand Weapons
 a - a +2 dagger (weapon)
Missiles
 d - 2 poisoned darts (quivered)
 e - 2 curare-tipped darts
 h - 2 stones
 k - 24 sling bullets
Armour
 b - a +0 robe (worn)
 c - a +0 cloak (worn)
Scrolls
 f - a scroll of teleportation
 i - a scroll of blinking
Potions
 g - 3 potions of curing
 j - a potion of resistance


   Skills:
 * Level 2.0 Fighting
 + Level 2.3 Short Blades
 + Level 2.0 Throwing
 * Level 2.3 Dodging
 * Level 7.3 Stealth


You had 2 spell levels left.
You didn't know any spells.
Your spell library was empty.

Dungeon Overview and Level Annotations

Branches:
Dungeon (2/15)

Altars:

Annotations:
D:2 Sigmund, Terence


Innate Abilities, Weirdness & Mutations

You are very small and have problems with some larger weapons.
You are too small for most types of armour.
You have supernaturally acute eyesight. (SInv)
You cover ground extremely quickly. (Speed+++)


Message History

* * * LOW HITPOINT WARNING * * *
Throw: 7 darts (poison)
Press: ? - help, Q - select action, (/) - cycle Shift-Dir - straight line, f/p - Sigmund
Aim: Sigmund, wielding a +0 scythe and wearing a +0 robe (58% to hit)
You throw a poisoned dart. The poisoned dart hits Sigmund.
Sigmund is poisoned.
You see here a +0 club.
Sigmund casts a spell at you. You resist with some effort.
Throw: 6 darts (poison)
Press: ? - help, Q - select action, (/) - cycle Shift-Dir - straight line, f/p - Sigmund
Aim: Sigmund, wielding a +0 scythe and wearing a +0 robe (poisoned, 58% to hit)
You throw a poisoned dart.
The poisoned dart closely misses Sigmund.
Throw: 5 darts (poison)
Press: ? - help, Q - select action, (/) - cycle Shift-Dir - straight line, f/p - Sigmund
Aim: Sigmund, wielding a +0 scythe and wearing a +0 robe (lightly wounded, poisoned, 58% to hit)
You throw a poisoned dart. The poisoned dart hits Sigmund.
Sigmund looks even sicker.
Sigmund is lightly wounded.
Sigmund looks at you with fury. Sigmund gestures at you while chanting.
You resist with some effort.
Throw: 4 darts (poison)
Press: ? - help, Q - select action, (/) - cycle Shift-Dir - straight line, f/p - Sigmund
Aim: Sigmund, wielding a +0 scythe and wearing a +0 robe (lightly wounded, very poisoned, 58% to hit)
You throw a poisoned dart. The poisoned dart hits Sigmund.
Sigmund looks even sicker.
Sigmund is lightly wounded.
Throw: 3 darts (poison)
Press: ? - help, Q - select action, (/) - cycle Shift-Dir - straight line, f/p - Sigmund
Aim: Sigmund, wielding a +0 scythe and wearing a +0 robe (lightly wounded, very poisoned, 58% to hit)
You throw a poisoned dart. The poisoned dart hits Sigmund.
Sigmund looks as sick as possible!
Sigmund is lightly wounded.
Terence the Incautious comes into view.
He is wielding a +0 mace.
Terence shouts!
Found a stone staircase leading down.
Sigmund points at you and mumbles some strange words.
The puff of flame hits you!
You die...

#...................
#...................
#####..@..#.............
##...............).(.....
.'............@.....((.(.
.#............#.##...####
............#.##.#.####
..............#.##....##
>.......@.....##.#......
......................#
......................#
##................#####
#..........##......#
########.#<###......#
.............#......#
...........#.#........
#...........)##...#.........


You could see Sigmund (very poisoned) and Terence.

Vanquished Creatures
  3 adders
  A dart slug (D:1)
  5 ball pythons
  2 bats (D:1)
  A giant cockroach (D:1)
  3 hobgoblins
  A quokka (D:1)
  2 frilled lizards (D:1)
  2 goblins
  4 kobolds (D:1)
  2 rats
26 creatures vanquished.

Notes
Turn   | Place    | Note
-------+----------+-------------------------------------------
     0 | D:1      | styxcanada the Spriggan Brigand began the quest for the
                  | Orb.
     0 | D:1      | Reached XP level 1. HP: 10/10 MP: 2/2
    48 | D:1      | Reached skill level 6 in Stealth
   583 | D:1      | Reached XP level 2. HP: 14/14 MP: 3/3
  1729 | D:1      | Reached skill level 7 in Stealth
  1729 | D:1      | Reached XP level 3. HP: 5/18 MP: 4/4
  2618 | D:2      | Noticed Sigmund
  2633 | D:2      | Noticed Terence
  2641 | D:2      | Killed from afar by Sigmund

Illustrated notes

Levels and vault maps discovered:
D:1:      nagdon_arrival_zigzag_paths, layout_basic
D:2:      layout_basic, minmay_misc_feat_tiny, uniq_terence, uniq_natasha,
          uniq_sigmund

Skill      XL: |  1  2  3 |
---------------+----------+-----
Stealth        | 6 7 |  7.3
Dodging        | 2 |  2.3
Fighting       | 2 |  2.0
Short Blades   | |  2.3
Throwing       | |  2.0

Action                   || total
-------------------------++-------
Melee: Dagger            ||   103
Throw: Dart              ||    11
  Use: Scroll            ||     4
 Stab: Sleeping          ||     8
Armor: Robe              ||     7
Dodge: Dodged            ||    75
